[Event "Late-Titled-Tuesday-Blitz-January-30-2024"]
[Site "Chess.com"]
[Date "2024.01.30"]
[Round "3"]
[White "BestestBP"]
[Black "ahmedkandiliii"]
[Result "0-1"]
[WhiteElo "2258"]
[BlackElo "2426"]
[TimeControl "180+1"]
[EndTime "14:29:13 PST"]
[Termination "ahmedkandiliii won by checkmate"]

1. c4 Nf6 2. Nf3 g6 3. d4 Bg7 4.
g3 O-O 5. Bg2 c6 6. Nc3 d5 7.
O-O dxc4 8. Ne5 Nd5 9. Nxc4 Nxc3 10. bxc3 c5 11. e3 Qc7 12. Nd2 Nc6 13. Ba3 cxd4 14. cxd4 Rd8 15. Rc1 Qa5 16. Nc4 Qa6 17. Bxc6 Qxc6 18.
Nd6 Qd7 19. Nxc8 Raxc8 20. Qb3 b6 21. Qb4 e5 22. dxe5 Bxe5 23. Qe4 Bf6 24. Qf3 Kg7 25. Rcd1 Qa4 26. Bd6 Qxa2 27. e4 Qe6 28. Bf4 a5 29. Qe3 a4 30. e5 Be7 31. Bh6+ Kg8 32. Rfe1 Bc5 33. Qf3 a3 34. Ra1 b5 35. Rxa3 Bxa3 36. Qxa3 Rd5 37. Qe3 Re8 38. Bf4 g5 39. Bxg5 Rxe5 40.
Qxe5 Qxe5 41. Rxe5 Rxe5 42. Bf6 Re2 43. Kf1 Rc2 44.
h4 b4 45. h5 b3 46. h6 b2 47. Bxb2 Rxb2 48. g4 Kf8 49. Kg2 Ke7 50. Kg3 Kf6 51.
f4 Kg6 52. g5 Kf5 53. Kh3 Kxf4 54. g6 fxg6 55. Kh4 Rh2# 0-1

[Event "Late-Titled-Tuesday-Blitz-January-30-2024"]
[Site "Chess.com"]
[Date "2024.01.30"]
[Round "3"]
[White "kikoveiga"]
[Black "dzilleruelo"]
[Result "0-1"]
[WhiteElo "2517"]
[BlackElo "2326"]
[TimeControl "180+1"]
[EndTime "14:29:14 PST"]
[Termination "dzilleruelo won by checkmate"]

1. c4 e6 2. d4 d5 3. Nc3 a6 4. cxd5 exd5 5. Bf4 Nf6 6. e3 Bd6 7. Bxd6 Qxd6 8. Nf3 O-O 9. Bd3 Bg4 10. h3 Bxf3 11. Qxf3 c6 12. O-O Nbd7 13. Rad1 Rae8 14. Rfe1 h6 15.
h4 Qe6 16. Bf5 Qd6 17. Qh3 Re7 18. g4 Ne4 19. g5 Nxc3 20. bxc3 Nb6 21. Kh1 Nc4 22. Rg1 Kh8 23. Rg3 g6 24. Bd3 h5 25.
Rf3 b5 26. Rf6 Re6 27. Rxe6 Qxe6 28. Qxe6 fxe6 29. Kg2 Kg7 30. Rb1 Nd6 31. a4 Rb8 32. axb5 cxb5 33. Ra1 Rb6 34. Kf3 Nf5 35. Bxf5 exf5 36.
Kf4 Re6 37. f3 Kf7 38. Re1 Ke7 39. Ra1 Kd7 40. Rb1 Kc6 41. Rb2 Kb6 42. Ra2 a5 43.
Rb2 a4 44. c4 dxc4 45. d5 Rd6 46. Ke5 Kc5 47. e4 fxe4 48. fxe4 c3 49. Rf2 b4 50.
Rf6 Rb6 51. Rxb6 Kxb6 52. d6 c2 53. d7 Kc7 54. Ke6 Kd8 55. Kd6 c1=Q 56. e5 Qc7+ 57. Ke6 Qxd7+ 58. Kf6 Qf5+ 59. Kg7 Qxe5+ 60. Kxg6 Qe8+ 61.
Kh6 b3 62. g6 b2 63. Kxh5 b1=Q 64. Kh6 Qbxg6# 0-1

[Event "Late-Titled-Tuesday-Blitz-January-30-2024"]
[Site "Chess.com"]
[Date "2024.01.30"]
[Round "3"]
[White "Chemim21"]
[Black "Gryffindorac8"]
[Result "1-0"]
[WhiteElo "2244"]
[BlackElo "2401"]
[TimeControl "180+1"]
[EndTime "14:29:15 PST"]
[Termination "Chemim21 won by resignation"]

1. e4 c5 2. Nf3 d6 3. d4 cxd4 4. Nxd4 Nf6 5. Nc3 a6 6. Bg5 e6 7.
f4 Be7 8. Qf3 Qc7 9. O-O-O Nbd7 10. Rd2 b5 11. e5 Bb7 12. exf6 Bxf3 13. fxe7 Bc6 14. Bxb5 axb5 15. Ndxb5 Bxb5 16. Nxb5 Qc6 17. Nxd6+ Qxd6 18. Rxd6 f6 19. Rhd1 Rxa2 20. Kb1 Ra7 21. Bh4 Kxe7 22. Bf2 Rb7 23. Rc6 Rhb8 24. b3 e5 25. Bc5+ Kf7 26. Bd6 Re8 27. fxe5 Nxe5 28. Bxe5 Rxe5 29. Rd2 Re1+ 30. Kb2 Ke7 31. c4 Rh1 32. h3 Re1 33. Rcd6 Re3 34. R6d3 Re6 35. Kc3 Reb6 36. Rb2 Ke6 37. b4 Rd6 38. Rxd6+ Kxd6 39. Rd2+ Kc6 40. b5+ Kb6 41. Rd6+ Kc7 42. Re6 Kd7 43. Re3 Ra7 44. Kb4 Ra1 45. c5 Rb1+ 46. Rb3 Rc1 47. c6+ Kc7 48. Rd3 Rb1+ 49. Kc5 Rc1+ 50.
Kd5 Rb1 51. Kc4 Rc1+ 52. Rc3 Rb1 53. Kc5 Rg1 54. g4 Rb1 55. Ra3 Rc1+ 56. Kd5 Rd1+ 57. Ke6 Kb6 58. Rc3 Kc7 59. b6+ Kxb6 60. c7 Re1+ 61. Kf7 1-0

[Event "Late-Titled-Tuesday-Blitz-January-30-2024"]
[Site "Chess.com"]
[Date "2024.01.30"]
[Round "3"]
[White "GMRafpig"]
[Black "OparinGrigoriy"]
[Result "1/2-1/2"]
[WhiteElo "2750"]
[BlackElo "2987"]
[TimeControl "180+1"]
[EndTime "14:29:16 PST"]
[Termination "Game drawn - insufficient material"]

1. e4 c5 2. Nf3 e6 3. g3 Nc6 4. Bg2 Nf6 5. Qe2 e5 6. O-O Be7 7. d3 O-O 8. c3 d6 9. a4 h6 10.
Na3 Be6 11. Nc4 Re8 12. Ne3 Bf8 13. Nh4 d5 14. exd5 Nxd5 15. Nef5 Kh7 16. Kh1 g6 17. Ne3 Bg7 18. Bd2 f5 19. Rae1 Qd7 20. f4 exf4 21.
gxf4 Bf7 22. Qf2 Nf6 23. Bh3 Ng4 24. Bxg4 fxg4 25. f5 Qxd3 26. fxg6+ Bxg6 27. Nxg4 Be4+ 28. Kg1 Rf8 29. Qe3 Rxf1+ 30. Rxf1 Rd8 31. Bc1 Qxe3+ 32. Bxe3 Ne5 33. Nxe5 Bxe5 34. Rf7+ Bg7 35. Re7 Bc2 36. Bxc5 Kg8 37. Rxb7 Bf6 38. Nf3 Be4 39. Rb4 Bxf3 40. Rf4 Rd1+ 41. Kf2 Be5 42. Rxf3 Rd2+ 43. Ke3 Rxb2 44.
Rf2 Rb3 45. Bd4 Bc7 46. Kd3 Ra3 47. Bxa7 Rxa4 48. Bd4 h5 49. Rg2+ Kf8 50. Rg5 Bxh2 51. Rxh5 Ra2 52. Rf5+ Ke8 53. Rf2 Rxf2 54. Bxf2 Kd7 55.
c4 Bd6 56. c5 Bxc5 1/2-1/2

[Event "Late-Titled-Tuesday-Blitz-January-30-2024"]
[Site "Chess.com"]
[Date "2024.01.30"]
[Round "3"]
[White "Dedic8"]
[Black "santosalberto1987"]
[Result "1/2-1/2"]
[WhiteElo "2807"]
[BlackElo "2533"]
[TimeControl "180+1"]
[EndTime "14:29:16 PST"]
[Termination "Game drawn by repetition"]

1. d4 Nf6 2. c4 d6 3. Nc3 e5 4. Nf3 e4 5. Nd2 e3 6. fxe3 g6 7. e4 Bg7 8. Nf3 O-O 9. e3 Re8 10. Bd3 c5 11. O-O Nc6 12. h3 b6 13. a3 Bb7 14. Qc2 Qd7 15. Qf2 Re7 16. Nd5 Ree8 17.
Ng5 Nxd5 18. cxd5 Nd8 19. Bd2 h6 20. Nf3 a5 21. a4 Ba6 22. Qe2 Bxd3 23. Qxd3 Qe7 24.
e5 dxe5 25. dxe5 Bxe5 26. Nxe5 Qxe5 27. Rae1 Nb7 28. Bc3 Qe4 29. Qd1 Rad8 30. Qb3 Rd6 31. Qb5 Red8 32. Bf6 R8d7 33. Qa6 Qxd5 34. Rd1 Qxd1 35.
Rxd1 Rxd1+ 36. Kh2 Nd8 37. Qxb6 R1d6 38. Qb5 Ne6 39. Qxa5 g5 40. Qa8+ Kh7 41. Qe4+ Kg8 42. a5 Nc7 43. Bc3 Nd5 44. Qe8+ Kh7 45. Qh8+ Kg6 46. Qg7+ Kf5 47. Qe5+ Kg6 48. Qg7+ Kf5 49. Bd2 Nf6 50. Bc3 Nd5 1/2-1/2

[Event "Late-Titled-Tuesday-Blitz-January-30-2024"]
[Site "Chess.com"]
[Date "2024.01.30"]
[Round "3"]
[White "larsmandreassen"]
[Black "RaulPerezGuerra"]
[Result "1-0"]
[WhiteElo "2224"]
[BlackElo "2456"]
[TimeControl "180+1"]
[EndTime "14:29:16 PST"]
[Termination "larsmandreassen won by checkmate"]

1. d4 d5 2. Nf3 Nf6 3. Bg5 e6 4.
e3 Be7 5. c4 O-O 6. Nc3 h6 7.
Bh4 Nbd7 8. Bd3 dxc4 9. Bxc4 a6 10. a4 b6 11. e4 Bb7 12. Qe2 b5 13.
axb5 axb5 14. Rxa8 Qxa8 15. Bd3 b4 16. Nd1 g5 17. Bg3 Bxe4 18. Bxc7 Rc8 19. Be5 Bxd3 20. Qxd3 Qe4+ 21. Qxe4 Nxe4 22. O-O Rc2 23. Re1 Nef6 24. Kf1 Nd5 25. Re2 b3 26. Ne3 Rc1+ 27. Re1 Nxe3+ 28.
fxe3 Rxe1+ 29. Kxe1 Ba3 30. bxa3 b2 31. Nd2 Nb6 32.
Nb1 Nc4 33. Ke2 f5 34. Kd3 Nb6 35. Kc2 Nc4 36. Kb3 Nxe3 37. a4 Kf7 38. a5 Nd5 39.
Kxb2 Ke8 40. Nc3 Nb4 41. Kb3 Na6 42. Kc4 Kd7 43. Kb5 f4 44. Kxa6 Kc6 45. Ne4 h5 46. Nxg5 h4 47. Nf3 h3 48. gxh3 Kd5 49. Bxf4 Ke4 50.
Be5 Kxf3 51. Kb5 Kg2 52. a6 Kh1 53. a7 Kg2 54. a8=Q+ Kf1 55. Qf3+ Ke1 56. Bg3+ Kd2 57. Qf2+ Kc3 58. Kc5 Kd3 59. Kd6 Ke4 60. Kxe6 Kd3 61. d5 Kc4 62. d6 Kb5 63. d7 Kc6 64. d8=Q Kb7 65. Qfb6# 1-0

[Event "Late-Titled-Tuesday-Blitz-January-30-2024"]
[Site "Chess.com"]
[Date "2024.01.30"]
[Round "3"]
[White "ameetghasi100"]
[Black "SpeedofLight0"]
[Result "0-1"]
[WhiteElo "2745"]
[BlackElo "3018"]
[TimeControl "180+1"]
[EndTime "14:29:18 PST"]
[Termination "SpeedofLight0 won on time"]

1. c4 Nc6 2. Nc3 e5 3. e3 Bc5 4. a3 a6 5. b4 Ba7 6. Bb2 Nge7 7. Nf3 d6 8. Be2 O-O 9. O-O f5 10. d4 Bd7 11. Qb3 Kh8 12. Rfd1 Qe8 13. dxe5 Nxe5 14. Nxe5 dxe5 15. c5 Bc6 16. a4 Qg6 17.
Bf1 f4 18. e4 f3 19. g3 Qh5 20. b5 Bxc5 21. bxc6 Bxf2+ 22. Kxf2 Qxh2+ 23. Ke3 Nxc6 24. Nd5 Qxg3 25. Kd2 Qh4 26. Bd3 Qh2+ 27. Kc1 f2 28. Bf1 Qh4 29. Qe3 Rae8 30. Ra3 Nd4 31. Rxd4 exd4 32. Qxd4 Rf7 33. Re3 c5 34. Qd3 b5 35.
axb5 axb5 36. Qxb5 Ref8 37. Qe2 Qh6 38. Kc2 Qc6 39.
Qc4 Ra7 40. Rg3 h6 41. Qc3 Qa4+ 42. Kd2 Rff7 43. Qe3 Kh7 44. e5 Rad7 45. Bd3+ Kh8 46.
Qe4 Qxe4 47. Bxe4 f1=Q 48. e6 Qf2+ 49. Kc1 Qxg3 50. exd7 Qe1+ 51. Kc2 Qxe4+ 52. Kc3 Qd4+ 0-1

[Event "Late-Titled-Tuesday-Blitz-January-30-2024"]
[Site "Chess.com"]
[Date "2024.01.30"]
[Round "3"]
[White "AlleyOoper"]
[Black "OneTrickPony_82"]
[Result "1/2-1/2"]
[WhiteElo "2657"]
[BlackElo "2502"]
[TimeControl "180+1"]
[EndTime "14:29:18 PST"]
[Termination "Game drawn - insufficient material"]

1. d4 Nf6 2. Nc3 d5 3. Bf4 c5 4. e3 cxd4 5. exd4 a6 6. Nf3 Nc6 7. Ne5 e6 8. Nxc6 bxc6 9. Na4 Bd6 10. Bxd6 Qxd6 11. Bd3 O-O 12. O-O a5 13. Qe2 Re8 14. c3 e5 15. dxe5 Rxe5 16. Qf3 Bg4 17. Qg3 Rae8 18. h3 Bh5 19. Rae1 Qe7 20. Rxe5 Qxe5 21.
Qxe5 Rxe5 22. Nc5 Bg6 23. Ba6 Ne4 24. Nxe4 Rxe4 25. f3 Re7 26. Kf2 Kf8 27. Re1 Rxe1 28. Kxe1 Ke7 29. Kf2 c5 30. a3 Kd6 31. Ke3 f6 32. f4 Bf5 33. g4 Bd7 34. g5 Bxh3 35.
Bd3 h6 36. gxh6 gxh6 37. Kf3 Be6 38. b4 cxb4 39. cxb4 axb4 40. axb4 Bd7 41. Be2 h5 42. Kg3 Be8 43. Kh4 d4 44. Bc4 Bg6 45. f5 Be8 46.
Kg3 Ke5 47. Bd3 Bd7 48. b5 Kd5 49. Kh4 Be8 50. Kg3 Kc5 51. Be2 Bxb5 52. Bxh5 Kd5 53.
Kf4 Kd6 54. Bf3 Bc6 55. Be2 Bd5 56. Bd3 Kc5 57. Bb1 Kb4 58. Kg3 Kc3 59. Kf2 Kd2 60.
Kf1 d3 61. Kf2 Be4 62. Kg3 Bxf5 63. Kf4 Be6 64. Ke4 Bc4 65. Kf5 Kc1 66. Bxd3 Bxd3+ 67. Kxf6 1/2-1/2

[Event "Late-Titled-Tuesday-Blitz-January-30-2024"]
[Site "Chess.com"]
[Date "2024.01.30"]
[Round "3"]
[White "Matalon"]
[Black "Kleyton_Lima"]
[Result "1/2-1/2"]
[WhiteElo "2422"]
[BlackElo "2576"]
[TimeControl "180+1"]
[EndTime "14:29:22 PST"]
[Termination "Game drawn - insufficient material"]

1. e4 c5 2. Nf3 d6 3. d4 cxd4 4. Nxd4 Nf6 5. Nc3 a6 6. Bg5 Nbd7 7. f4 Qc7 8. Qf3 b5 9. O-O-O Bb7 10. Bd3 g6 11. g4 Bg7 12. Nde2 b4 13. Nd5 Bxd5 14.
exd5 Nc5 15. Bc4 O-O 16. Nd4 a5 17. h4 a4 18. Kb1 a3 19. b3 Nce4 20. Rd3 Qc5 21.
h5 Nc3+ 22. Ka1 Nfxd5 23. Qf2 Ne4 24. Qg1 Nb6 25. hxg6 Bxd4+ 26. Rxd4 Nxc4 27. gxh7+ Kh8 28. Rxe4 Qxg1+ 29. Rxg1 Nd2 30. Re2 Nf3 31. Rg3 Nxg5 32.
fxg5 e6 33. g6 fxg6 34. Rg1 e5 35. Rd2 Rad8 36. c4 Rf7 37. Kb1 Rxh7 38. Kc2 Rf7 39.
Rgd1 Kg7 40. Rxd6 Rxd6 41. Rxd6 Rf2+ 42. Rd2 Rf3 43. Rd3 Rf6 44. Re3 Re6 45. Kd3 Kf6 46. Ke4 Rd6 47. Rd3 Rc6 48. Rd5 Kg5 49. Rxe5+ Kxg4 50. Rb5 Re6+ 51. Kd5 Re2 52. Rxb4 Rxa2 53. c5+ Kf3 54. Ra4 Rd2+ 55. Ke6 a2 56. c6 g5 57. c7 Rc2 58. Kd7 Rd2+ 59. Ke7 Rc2 60. Kd7 Rd2+ 61. Kc8 Rd4 62. Rxa2 g4 63. Kb7 Rb4+ 64. Kc6 Rxb3 65. c8=Q Rc3+ 66. Kd7 Rxc8 67. Kxc8 g3 68. Kd7 g2 69. Rxg2 Kxg2 1/2-1/2

[Event "Late-Titled-Tuesday-Blitz-January-30-2024"]
[Site "Chess.com"]
[Date "2024.01.30"]
[Round "3"]
[White "manitodeplomo"]
[Black "Hrant_ChessMood"]
[Result "0-1"]
[WhiteElo "2686"]
[BlackElo "2907"]
[TimeControl "180+1"]
[EndTime "14:29:23 PST"]
[Termination "Hrant_ChessMood won on time"]

1. d4 d5 2. c4 e6 3. Nf3 Nf6 4. Nc3 Be7 5. Bg5 Nbd7 6. c5 Ne4 7. Bxe7 Qxe7 8. e3 Nxc3 9. bxc3 e5 10. Be2 O-O 11.
O-O c6 12. c4 e4 13. Nd2 Nf6 14. a4 Be6 15. a5 dxc4 16. Nxc4 Bxc4 17. Bxc4 Rab8 18.
Qb3 g6 19. Rfb1 Kg7 20. Qc3 Rfd8 21. Ra2 Qc7 22. Rab2 Nd5 23. Bxd5 Rxd5 24. Rb3 h5 25. h3 h4 26. Qb2 Qxa5 27. Ra3 Qd8 28. Rxa7 b5 29.
cxb6 Rb5 30. Qa1 R8xb6 31. Rxb5 cxb5 32. Qa2 Qf6 33. Qd5 b4 34. Qxe4 b3 35. Ra1 Qd6 36.
Rb1 b2 37. Qe5+ Qxe5 38. dxe5 g5 39. Kf1 Kg6 40. e4 g4 41. Ke2 gxh3 42. gxh3 Kg5 43. Ke3 Rb3+ 44. Kd4 Kf4 45. Kc4 Rb8 46. Kc3 Kxe5 0-1

[Event "Late-Titled-Tuesday-Blitz-January-30-2024"]
[Site "Chess.com"]
[Date "2024.01.30"]
[Round "3"]
[White "annacramling"]
[Black "bitter-cikolata"]
[Result "1-0"]
[WhiteElo "2121"]
[BlackElo "2530"]
[TimeControl "180+1"]
[EndTime "14:29:25 PST"]
[Termination "annacramling won by resignation"]

1. d4 Nf6 2. c4 e6 3. Nc3 Bb4 4. Qc2 O-O 5. e4 d5 6. cxd5 exd5 7. e5 Ne4 8. Bd3 c5 9. Ne2 Nc6 10. O-O cxd4 11. Nxd5 Qxd5 12. Bxe4 Qxe5 13. Bxh7+ Kh8 14. Bf4 Qh5 15. Be4 Bd7 16. Bf3 Qb5 17. Bxc6 bxc6 18.
Nxd4 Qd5 19. Qd1 Rad8 20. Nc2 Qf5 21. Bc7 Rc8 22. Ne3 Qg6 23. Qxd7 f5 24. g3 f4 25. Bxf4 Rcd8 26. Qc7 Rc8 27. Qe5 Rce8 28. Qg5 Qh7 29. Nc4 Be7 30. Qg4 Bc5 31. Rad1 Re4 32. Nd6 Re7 33. a3 Rf6 34. Nc4 Re8 35. Be5 Rf7 36. Bc3 Ref8 37. Rd2 Re7 38. Ne5 Rf6 39.
Rd8+ Qg8 40. Rxg8+ Kxg8 41. Nd3 Bb6 42. Qc8+ Rf8 43.
Qg4 Ref7 44. Qc4 Kh8 45. Kg2 Rf3 46. Ne5 R3f5 47. f4 Kh7 48. Ng4 Bd8 49. Qe4 g6 50.
Ne3 R8f7 51. Qxc6 R5f6 52. Qd5 Rb6 53. Qxf7+ Kh6 1-0

[Event "Late-Titled-Tuesday-Blitz-January-30-2024"]
[Site "Chess.com"]
[Date "2024.01.30"]
[Round "3"]
[White "Bala-Afiada"]
[Black "IngOscarArdila"]
[Result "1-0"]
[WhiteElo "2034"]
[BlackElo "2326"]
[TimeControl "180+1"]
[EndTime "14:29:25 PST"]
[Termination "Bala-Afiada won on time"]

1. d4 Nf6 2. c4 e6 3. g3 d5 4.
Nf3 Be7 5. Bg2 O-O 6. O-O Nbd7 7.
Nc3 dxc4 8. e4 Nb6 9. e5 Nfd5 10. Ne4 Bd7 11. Bg5 h6 12. Bxe7 Qxe7 13. a3 a5 14. Qc2 Ba4 15. Qe2 Bb3 16. Nc5 Rab8 17. Nxb3 cxb3 18.
Rac1 Rfc8 19. Rc5 a4 20. Rfc1 c6 21. Nd2 Nd7 22. Ne4 Nxc5 23. Rxc5 b6 24. Rc4 c5 25.
Nd6 Rc7 26. Rxa4 cxd4 27. Bxd5 d3 28. Qxd3 exd5 29. Qxd5 Rc5 30. Qf3 Rxe5 31. Nc4 Re1+ 32. Kg2 Qe4 33. Qxe4 Rxe4 34. Nxb6 Rxa4 35. Nxa4 Kf8 36.
Nc3 Ke7 37. f4 Ke6 38. Kf3 Rd8 39. Ke4 Rd2 40. Na4 Rxh2 41. Nc5+ Kd6 42. Nxb3 Kc6 43. Nd4+ Kb6 44. b4 Ra2 45. Nf5 g6 46. Nxh6 f5+ 47. Ke5 Rxa3 48. Kf6 Rxg3 49. Nf7 Kb5 50. Ne5 Kxb4 51.
Nxg6 Kc5 52. Ne7 Kd6 53. Nxf5+ Kd7 54. Nxg3 Ke8 55. Kg7 Ke7 56. f5 1-0

[Event "Late-Titled-Tuesday-Blitz-January-30-2024"]
[Site "Chess.com"]
[Date "2024.01.30"]
[Round "3"]
[White "oskariot"]
[Black "SantoBlue"]
[Result "1-0"]
[WhiteElo "2757"]
[BlackElo "2969"]
[TimeControl "180+1"]
[EndTime "14:29:29 PST"]
[Termination "oskariot won by checkmate"]

1. Nf3 d6 2. g3 Nf6 3. Bg2 g6 4. O-O c5 5. d3 Bg7 6. e4 O-O 7. Nc3 Nc6 8. Re1 Rb8 9. a4 a6 10. h3 b5 11. axb5 axb5 12. e5 dxe5 13. Nxe5 Nd4 14. Bf4 Bb7 15. Bxb7 Rxb7 16. Ne2 Nd5 17. Nxd4 cxd4 18. Qf3 Rc7 19. Re2 f6 20. Nxg6 hxg6 21.
Bxc7 Nxc7 22. Ra7 e5 23. Qg4 Kh7 24. Re1 f5 25. Qf3 Ne6 26. Qc6 Ng5 27. Rxe5 Rf6 28. Qe8 Qxe8 29. Rxe8 Rc6 30. Ree7 Ne6 31. f4 Kh6 32. Kf1 b4 33. Rab7 b3 34. Rxb3 Bf8 35.
Re8 Kg7 36. Rb7+ Kf6 37. Ke1 Bd6 38. Kd1 Ra6 39. h4 Ra1+ 40. Ke2 Ra6 41. b4 Rc6 42. Kd1 Nc7 43. b5 Rc5 44. Rd8 Ke6 45. b6 Nd5 46.
Re8+ Kf6 47. Rd7 Ne3+ 48. Rxe3 dxe3 49. Rxd6+ Ke7 50. Rxg6 Rb5 51. Ke2 Rb2 52. Kxe3 Kf7 53. h5 Rb1 54. Rc6 Ke7 55. h6 Kd7 56. Rg6 Ke7 57.
b7 Kf8 58. Rg7 Rh1 59. b8=Q# 1-0

[Event "Late-Titled-Tuesday-Blitz-January-30-2024"]
[Site "Chess.com"]
[Date "2024.01.30"]
[Round "3"]
[White "Schattman"]
[Black "traviscottofficial"]
[Result "0-1"]
[WhiteElo "2451"]
[BlackElo "2610"]
[TimeControl "180+1"]
[EndTime "14:29:29 PST"]
[Termination "traviscottofficial won on time"]

1. f4 d5 2. Nf3 g6 3. g3 Bg7 4. Bg2 Nf6 5. O-O O-O 6. d3 c5 7.
Ne5 Nc6 8. Nxc6 bxc6 9. c4 Re8 10. Nc3 Ba6 11. Qa4 Qb6 12. h3 e6 13. Be3 d4 14. Bxc6 dxe3 15. Rab1 Bb7 16. Bxe8 Nxe8 17.
Qb5 Nd6 18. Qxb6 axb6 19. a3 Nf5 20. Kh2 Bc6 21. Nd1 Ba4 22. Nc3 Bc6 23. Nd1 Nd4 24.
Re1 e5 25. Nxe3 exf4 26. gxf4 Bh6 27. Nd5 Bxd5 28. cxd5 Bxf4+ 29. Kg2 Be5 30. e3 Nf5 31. e4 Nd4 32. h4 Kf8 33. h5 Ke7 34. Rf1 g5 35. Rf2 f6 36. Rbf1 Nb5 37. Kh3 Ra4 38.
Kg4 Rd4 39. Rf3 Nd6 40. Kh3 h6 41. Kg2 b5 42. Rb1 c4 43. dxc4 Nxc4 44. b3 Nd2 45. Rc1 Nxf3 46. Kxf3 Rd3+ 47. Kg4 Rg3+ 48. Kf5 Rxb3 49.
Rc6 Rxa3 50. Re6+ Kd7 51. Rb6 Rf3+ 52. Kg6 g4 53. Kxh6 g3 54. Rxb5 g2 55. Rb7+ Kc8 56.
Rg7 Rg3 57. Rxg3 Bxg3 58. d6 Bxd6 59. Kh7 g1=Q 0-1

[Event "Late-Titled-Tuesday-Blitz-January-30-2024"]
[Site "Chess.com"]
[Date "2024.01.30"]
[Round "3"]
[White "VitaliyChayka"]
[Black "Alex_Banzea"]
[Result "0-1"]
[WhiteElo "2435"]
[BlackElo "2606"]
[TimeControl "180+1"]
[EndTime "14:29:29 PST"]
[Termination "Alex_Banzea won by checkmate"]

1. d4 Nf6 2. Bf4 g6 3. e3 Bg7 4.
h3 d6 5. Nf3 O-O 6. Be2 c5 7.
c3 Qb6 8. Qb3 Be6 9. Qxb6 axb6 10.
a3 Bd7 11. Nbd2 Bc6 12. Bd3 Nbd7 13. e4 e5 14. dxe5 dxe5 15. Be3 b5 16. O-O c4 17. Bc2 Rfe8 18. a4 bxa4 19. Nxc4 Nxe4 20. Bxe4 Bxe4 21. Nd6 Bc6 22. Nxe8 Rxe8 23. Rfd1 h6 24. Nd2 b5 25. b3 e4 26. Bd4 Bxd4 27. cxd4 e3 28. fxe3 Rxe3 29.
bxa4 bxa4 30. Kf2 Re6 31. Nc4 Nf6 32. Re1 Ne4+ 33. Kg1 Bd5 34. Rxa4 Kg7 35. Ne3 Nc3 36. Ra3 Nb5 37. Rd3 Be4 38. Rd2 f5 39. Rb1 Bxb1 40.
Kf2 Nd6 41. Rb2 Be4 42. Rb6 Rf6 43. Ra6 Nf7 44. Ra7 g5 45. Ke2 h5 46. Kd2 f4 47. Nc4 Kg6 48. Ke2 Bxg2 49. h4 gxh4 50. Kf2 Be4 51. Ra5 h3 52. Nd2 h2 53. Nxe4 h1=Q 54. Nxf6 Kxf6 55. Ra6+ Kf5 56. d5 Qh2+ 57. Kf1 Kg4 58. d6 f3 59. Ra4+ Kg3 60. Re4 Qh1# 0-1

[Event "Late-Titled-Tuesday-Blitz-January-30-2024"]
[Site "Chess.com"]
[Date "2024.01.30"]
[Round "3"]
[White "lluiss"]
[Black "winniethepooh04"]
[Result "1/2-1/2"]
[WhiteElo "2190"]
[BlackElo "2541"]
[TimeControl "180+1"]
[EndTime "14:29:29 PST"]
[Termination "Game drawn by repetition"]

1. e4 e6 2. d4 d5 3. e5 c5 4. Nf3 Nc6 5. dxc5 Nge7 6. Bd3 Ng6 7. Qe2 Bxc5 8. O-O O-O 9. c3 Bd7 10. Bg5 Be7 11. Bxe7 Qxe7 12. Nbd2 Rac8 13. Rfe1 Nf4 14. Qf1 Nxd3 15. Qxd3 Na5 16. Nd4 Nc4 17. Nxc4 Rxc4 18.
Re3 Qg5 19. Rae1 b5 20. Rg3 Qh5 21. a3 a5 22. Rh3 Qg6 23. Qxg6 fxg6 24. Nc2 Rb8 25.
Rhe3 Rc7 26. f3 b4 27. axb4 Ba4 28. Nd4 Kf7 29. bxa5 Rxb2 30. Ra1 Bd7 31. Re2 Rb8 32. a6 Rxc3 33. a7 Ra8 34. Rb2 Rc7 35. Rba2 Ke7 36.
f4 Rc4 37. Rb2 Rc7 38. Rba2 Rc4 39. Nb3 Rc7 40. Kf2 Bb5 41. Nd4 Bc4 42. Ra5 Kd7 43. Ke3 Rb7 44. R1a3 Rb2 45. Nf3 Rb7 46. Nd2 Bb5 47.
Rb3 Kc6 48. Rba3 Kb6 49. Nf3 Rbxa7 50. Rxa7 Rxa7 51. Rxa7 Kxa7 52. Nd4 Bd7 53. g4 Kb6 54. Kd2 Kc5 55. Kc3 Bc8 56. g5 Bd7 57. h4 Bc8 58. Ne2 Bd7 59. Nd4 Bc8 60. Nb3+ Kb5 61. Kd4 Kb4 62. Nc5 Kb5 63. Nd3 Bd7 64. Nc5 Bc8 65. Nd3 Kc6 66. Nb4+ Kb6 67. Nd3 Kc6 68. Nc5 Kb5 1/2-1/2

[Event "Late-Titled-Tuesday-Blitz-January-30-2024"]
[Site "Chess.com"]
[Date "2024.01.30"]
[Round "3"]
[White "pr1105"]
[Black "Byniolus"]
[Result "0-1"]
[WhiteElo "2429"]
[BlackElo "2852"]
[TimeControl "180+1"]
[EndTime "14:29:30 PST"]
[Termination "Byniolus won by resignation"]

1. e4 d6 2. d4 Nf6 3. Nc3 c6 4.
f4 Qb6 5. Nf3 Bg4 6. a3 e6 7.
Be3 d5 8. e5 Bxf3 9. gxf3 Nh5 10. Qd2 g6 11. O-O-O Nd7 12. Na4 Qc7 13. Kb1 Be7 14.
Bd3 O-O-O 15. Nc5 Nxc5 16. dxc5 d4 17. Bf2 Bxc5 18. Be4 Bb6 19. Qc1 Kb8 20. Rd3 c5 21.
c4 f5 22. exf6 Rdf8 23. Bg3 Rxf6 24. Rb3 Ka8 25. a4 Rb8 26. Rb5 a6 27. Rb3 Ba5 28.
Ka2 Bb4 29. f5 Nxg3 30. hxg3 gxf5 31. Bd3 Qxg3 32. Rxh7 Qd6 33. Rxb4 cxb4 34. c5 Qc6 35. b3 Rg8 36. Qc4 Rd8 37. Qxb4 Rb8 38. Bc4 e5 39. Bd3 e4 40. fxe4 fxe4 41. Bc4 Rf2+ 42. Ka3 d3 43. Bb5 Qf6 44. Qc4 Qb2+ 45. Kb4 Qd2+ 46. Ka3 Rf1 47.
Bxa6 Qc1+ 48. Kb4 Qxc4+ 49. Bxc4 d2 50. Bxf1 d1=Q 51. Bc4 Qd2+ 52. Kb5 Qd8 53. Rf7 e3 54. Bd5 Qxd5 55. Rf4 e2 56. a5 Qc6+ 57. Kc4 e1=Q 0-1

[Event "Late-Titled-Tuesday-Blitz-January-30-2024"]
[Site "Chess.com"]
[Date "2024.01.30"]
[Round "3"]
[White "StellarChess"]
[Black "kai_nov"]
[Result "1-0"]
[WhiteElo "2559"]
[BlackElo "2298"]
[TimeControl "180+1"]
[EndTime "14:29:30 PST"]
[Termination "StellarChess won by checkmate"]

1. d4 d5 2. Bf4 Nf6 3. e3 c5 4. c3 Nc6 5. Nf3 Qb6 6. Qd2 Ne4 7.
Qc2 Bf5 8. Qc1 f6 9. Nbd2 cxd4 10. exd4 g5 11. Be3 Rc8 12. Nxe4 Bxe4 13. Nd2 Bf5 14.
a3 Bg7 15. Be2 O-O 16. O-O h6 17. Bd1 Bd3 18. Re1 f5 19. f3 Qc7 20. Nb3 b6 21. Bf2 e5 22. dxe5 Bxe5 23. g3 f4 24. g4 Qh7 25. Qd2 Rcd8 26. Nd4 Nxd4 27. cxd4 Bf6 28. Bb3 Kh8 29. Re6 Bg6 30. Rae1 Qd7 31.
Bc2 Kg7 32. Bxg6 Kxg6 33. Qd3+ Kg7 34. Qf5 Qf7 35. Kg2 Qg6 36. Qxg6+ Kxg6 37. Rc1 Rd7 38.
Rcc6 Kg7 39. h4 Rff7 40. h5 Rde7 41. b4 Rxe6 42. Rxe6 Rd7 43. Kf1 Kf7 44. Re2 Rc7 45. Ra2 Rc3 46. Ke2 Rb3 47. Rc2 Rxa3 48. Rc7+ Ke6 49.
Rh7 Ra2+ 50. Kf1 Ra1+ 51. Ke2 Ra2+ 52. Kf1 Ra1+ 53. Kg2 Ra2 54. Kg1 Rd2 55. Rxh6 Kf7 56. Rh7+ Kg8 57. Rxa7 Bxd4 58. Bxd4 Rxd4 59. Rd7 Rd3 60.
Kf2 d4 61. Rd5 Kh7 62. Rxg5 Rd2+ 63. Ke1 Rb2 64. Rd5 Rxb4 65. g5 d3 66. Rd7+ Kg8 67. h6 Rb5 68. g6 Re5+ 69. Kd2 Re8 70. Kxd3 Kf8 71. h7 Re3+ 72. Kd4 Ke8 73. Ra7 Rxf3 74. h8=Q# 1-0

[Event "Late-Titled-Tuesday-Blitz-January-30-2024"]
[Site "Chess.com"]
[Date "2024.01.30"]
[Round "3"]
[White "familijatop71"]
[Black "Dzidzik2203"]
[Result "1-0"]
[WhiteElo "2234"]
[BlackElo "2396"]
[TimeControl "180+1"]
[EndTime "14:29:32 PST"]
[Termination "familijatop71 won by resignation"]

1. e4 c5 2. c3 Nf6 3. e5 Nd5 4. Nf3 Nc6 5. d4 cxd4 6. Bc4 Nb6 7. Bb3 d5 8. exd6 Qxd6 9. O-O Be6 10. Na3 Bxb3 11.
Qxb3 Qd5 12. Nb5 O-O-O 13. Nxa7+ Nxa7 14. Qxb6 Nc6 15. Nxd4 Nxd4 16. cxd4 Qxd4 17. Qa5 Qd5 18. Qa8+ Kc7 19. Bf4+ e5 20. Rac1+ Kb6 21. Be3+ Bc5 22.
Bxc5+ Qxc5 23. Qxb7+ Kxb7 24. Rxc5 f6 25. Rfc1 Rd7 26.
b4 Rhd8 27. g3 Ra8 28. R1c2 Ra3 29. Rb5+ Ka6 30. Rb8 Ka7 31. Rcc8 Rxa2 32. b5 Rb2 33. Ra8+ Kb6 34. Rab8+ Rb7 35. Rxb7+ Kxb7 36. Rg8 g5 37. Rg7+ Kb6 38. Rxh7 Kxb5 39. Rf7 Kc4 40. Rxf6 Kd3 41. Rf5 e4 42. Rxg5 e3 43. fxe3 Kxe3 44. Rf5 Ke4 45.
Rf2 Rb1+ 46. Kg2 Rb3 47. h4 Ra3 48. g4 Ke5 49. Rf3 Ra2+ 50. Kg3 Ra1 51. h5 Rg1+ 52. Kh4 Ke4 53. Rf8 Ke5 54. Kg5 Ke6 55. h6 Rh1 56.
Kg6 Ke7 57. Rf2 Rh4 58. g5 Ke8 59. h7 Ke7 60. Kg7 Rh5 61. g6 Rh6 62. h8=Q 1-0